 Dungeon Crawl Stone Soup version 0.30-a0-913-g9934a0ce24 (webtiles) character file.

Game seed: 18152406781015878708

518 timneilson the Covered (level 7, -2/66 HPs)
             Began as a Gargoyle Fighter on Mar 19, 2023.
             Was an Initiate of Okawaru.
             Slain by a black bear (3 damage)
             ... on level 6 of the Dungeon.
             The game lasted 00:06:21 (3360 turns).

timneilson the Covered (Gargoyle Fighter)           Turns: 3360, Time: 00:06:22

Health: -2/66      AC: 17    Str: 20    XL:     7   Next: 21%
Magic:  7/7        EV: 10    Int:  8    God:    Okawaru [......]
Gold:   197        SH:  5    Dex: 11    Spells: 6/6 levels left

rFire   . . .      SeeInvis .    a - +0 long sword
rCold   . . .      Faith    .    c - +0 buckler
rNeg    + . .      Spirit   .    b - +0 scale mail
rPois   ∞          Reflect  .    l - +0 helmet
rElec   +          Rampage  .    k - +2 cloak
rCorr   .                        (no gloves)
Will    .....                    e - +0 pair of boots Stlth
                                 (no amulet)
HPRegen 0.31/turn                (no ring)
MPRegen 0.10/turn                (no ring)

@: berserking, very quick
A: sickness immunity, AC +4, negative energy resistance 1, electricity
resistance, torment resistance 1, petrification resistance
a: Renounce Religion


You were on level 6 of the Dungeon.
You worshipped Okawaru.
Okawaru was noncommittal.
You visited 2 branches of the dungeon, and saw 8 of its levels.

You collected 197 gold pieces.

Inventory:

Hand Weapons
 a - a +0 long sword (weapon)
Armour
 b - a +0 scale mail (worn)
 c - a +0 buckler (worn)
 e - a +0 pair of boots (worn)
 k - a +2 cloak (worn)
 l - a +0 helmet (worn)
Jewellery
 j - a ring of fire
Wands
 o - a wand of quicksilver (15)
Scrolls
 i - 8 scrolls of teleportation
 m - a scroll of enchant weapon {unknown}
Potions
 d - a potion of might
 f - a potion of berserk rage
 g - 2 potions of invisibility
 h - 3 potions of brilliance


   Skills:
 + Level 4.3 Fighting
 * Level 3.7 Long Blades
 * Level 5.2 Armour
 + Level 1.8 Dodging
 * Level 5.1 Shields
 + Level 0.0 Invocations
 + Level 0.0 Evocations


You had 6 spell levels left.
You didn't know any spells.
Your spell library contained the following spells:

 Spells                   Type           Power      Damage    Failure   Level
 Beastly Appendage        Tmut           0%         N/A       83%         1
 Lesser Beckoning         Tloc           0%         N/A       92%         2
 Wereblood                Tmut           0%         N/A       92%         2
 Frozen Ramparts          Ice            0%         1d1       99%         3
 Gell's Gravitas          Tloc           0%         N/A       99%         3
 Spider Form              Tmut/Pois      0%         N/A       99%         3
 Teleport Other           Tloc           0%         N/A       99%         3
 Ice Form                 Ice/Tmut       0%         N/A       100%        4
 Petrify                  Tmut/Erth      0%         N/A       100%        4
 Irradiate                Conj/Tmut      0%         3d11      100%        5
 Sublimation of Blood     Necr           Unusable   N/A       N/A         2
 Summon Ice Beast         Ice/Summ       Unusable   N/A       N/A         4

Dungeon Overview and Level Annotations

Branches:
Dungeon (7/15)             Temple (1/1) D:7

Altars:
Dithmenos
Elyvilon
Fedhas
Gozag
Makhleb
Nemelex Xobeh
Okawaru
Qazlal
Ru
Sif Muna
Trog
Uskayaw
Vehumet
Wu Jian
Xom
Zin
The Shining One

Shops:
D:2 :


Innate Abilities, Weirdness & Mutations

You are immune to sickness and miasma.
Your stone body is resilient. (AC +4)
You are immune to poison.
You resist negative energy. (rN+)
You are resistant to electric shocks. (rElec)
You are resistant to unholy torment.
You are immune to petrification.


Message History

The black bear bites you but does no damage.
The black bear claws you but does no damage.
The black bear barely misses you.
The black bear bites you but does no damage.
The black bear claws you but does no damage.
The black bear barely misses you.
You barely miss the black bear.
The black bear is almost dead.
You block the black bear's attack. The black bear claws you.
The black bear claws you but does no damage.
The black bear closely misses you. The black bear claws you.
* * * LOW HITPOINT WARNING * * *
You block the black bear's attack.
It was a potion of curing.
You feel better. The black bear bites you.
* * * LOW HITPOINT WARNING * * *
The black bear claws you.
* * * LOW HITPOINT WARNING * * *
The black bear claws you but does no damage.
The black bear bites you but does no damage.
The black bear claws you but does no damage. x2
You closely miss the black bear.
The black bear is almost dead.
The black bear bites you.
* * * LOW HITPOINT WARNING * * *
The black bear claws you but does no damage.
The black bear claws you.
* * * LOW HITPOINT WARNING * * *
You barely miss the black bear.
The black bear is almost dead.
The black bear closely misses you. You block the black bear's attack. x2
The black bear bites you but does no damage.
The black bear claws you but does no damage. x2
Unknown command.
A red film seems to cover your vision as you go berserk!
You feel yourself moving faster!
You feel mighty! The black bear bites you.
* * * LOW HITPOINT WARNING * * *
The black bear claws you but does no damage.
The black bear completely misses you. The black bear closely misses you.
The black bear claws you.
You die...

####### #.....#
#######.....##.
#...@hhY.......
#.#####.....##.
.........
#######... .. .


You could see a black bear (berserk), an ice beast and a hound.

Vanquished Creatures
  A jelly (D:4)
  A hound (D:4)
  3 iron imps (D:3)
  Jessica (D:3)
  2 iguanas
  2 orc wizards (D:5)
  A sleepcap (D:4)
  8 gnolls
  7 adders
  An ufetubus (D:4)
  3 worms (D:2)
  A dart slug (D:4)
  5 orcs
  6 bats
  4 endoplasms (D:1)
  4 giant cockroaches
  3 goblins
  4 hobgoblins (D:1)
  3 kobolds
  3 quokkas
  9 ball pythons
  4 frilled lizards (D:2)
  3 rats
79 creatures vanquished.

Notes
Turn   | Place    | Note
-------+----------+-------------------------------------------
     0 | D:1      | timneilson the Gargoyle Fighter began the quest for the
                  | Orb.
     0 | D:1      | Reached XP level 1. HP: 14/14 MP: 1/1
    77 | D:1      | Reached XP level 2. HP: 17/19 MP: 2/2
   420 | D:1      | Reached XP level 3. HP: 23/23 MP: 3/3
   945 | D:2      | Found Hitwusef's Book Shoppe.
  1265 | D:2      | Reached XP level 4. HP: 28/28 MP: 4/4
  1531 | D:3      | Identified the +2 robe "Faiqatz" {Str+5 Dex-5}
  1549 | D:3      | Reached skill level 1 in Dodging
  1549 | D:3      | Reached XP level 5. HP: 10/33 MP: 5/5
  1658 | D:3      | Found a glowing silver altar of Zin.
  1658 | D:3      | Noticed an angel
  1753 | D:3      | Found a faded altar of an unknown god.
  1916 | D:3      | Found a burning altar of Makhleb.
  2113 | D:3      | Noticed Jessica
  2122 | D:3      | Killed Jessica
  2123 | D:3      | Reached XP level 6. HP: 38/38 MP: 6/6
  2706 | D:4      | Found a hide-covered altar of Uskayaw.
  2720 | D:4      | Reached skill level 5 in Armour
  2720 | D:4      | Reached skill level 5 in Shields
  2898 | D:5      | Entered Level 5 of the Dungeon
  2924 | D:5      | Reached XP level 7. HP: 42/43 MP: 7/7
  3191 | D:5      | You fall into a shaft and drop 2 floors!
  3207 | D:7      | Found a staircase to the Ecumenical Temple.
  3216 | Temple   | Entered the Ecumenical Temple
  3310 | Temple   | Became a worshipper of Warmaster Okawaru
  3358 | D:6      | HP: 2/44 [black bear (3)]
  3360 | D:6      | Slain by a black bear

Illustrated notes

Levels and vault maps discovered:
D:1:      dpeg_arrival_long_road, layout_rooms, serial_park_tiny_2
D:2:      layout_loops_corners, serial_shops,
          nicolae_shop_temple_entry_statues_fountains, grunt_ministairs_15
D:3:      layout_basic, zin_angel, demons_altar,
          hellmonk_ecumenical_altar_zigzags, uniq_jessica
D:4:      layout_gridville, lemuel_crystal_altar
D:5:      layout_cave_pools, lemuel_zombie_altar_kikubaaqudgha, st_stairs_12,
          uniq_sigmund, uniq_blork_the_orc
D:6:      wad_pebble_path, layout_basic, serial_shops, kennysheep_mini_moat
D:7:      layout_basic, minmay_temple_entry_crystal_x
Temple:   compressed_dpeg_circular_temple

Skill      XL: |  1  2  3  4  5  6 |
---------------+-------------------+-----
Long Blades    | 2 3 |  3.7
Armour         | 4 5 |  5.2
Shields        | 4 5 |  5.1
Dodging        | 1 |  1.8
Fighting       | 4 |  4.3

Action                     |  1- 3 |  4- 6 |  7- 9 || total
---------------------------+-------+-------+-------++-------
  Melee: Long sword        |   136 |   193 |    69 ||   398
    Use: Scroll            |     3 |     6 |       ||     9
         Potion            |       |       |     2 ||     2
 Armour: Scale mail        |    92 |   120 |    98 ||   310
  Dodge: Dodged            |    80 |    93 |    53 ||   226
  Block: Buckler           |    33 |    59 |    27 ||   119

Table legend: (Time is in decaauts)
 A = Elapsed time spent in this place.
 B = Non-inter-level travel time spent in this place.
 C = Inter-level travel time spent in this place.
 D = Time resting spent in this place.
 E = Time spent auto-exploring this place.
 F = Levels seen in this place.
 G = Mean time per level.
                   A        B        C        D        E       F      G
               +--------+--------+--------+--------+--------+-----+--------+
         Total |   3479 |   3392 |     87 |     37 |   2367 |   8 |  434.9 |
       Dungeon |   3374 |   3297 |     77 |     37 |   2311 |   7 |  482.0 |
        Temple |    105 |     95 |     10 |      0 |     56 |   1 |  105.0 |
               +--------+--------+--------+--------+--------+-----+--------+

Top non-repeatable levels by time:
     D:2: 1052 daAuts
     D:4: 759 daAuts
     D:3: 694 daAuts
     D:1: 532 daAuts
     D:5: 266 daAuts
  Temple: 105 daAuts
     D:6: 35 daAuts
     D:7: 33 daAuts
